 Dungeon Crawl Stone Soup version 0.27-a0-906-g0a00ce863d (webtiles) character file.

Game seed: 14562092117204140506

3 dolemite99 the Firebug (level 1, 0/13 HPs)
             Began as a Demonspawn Fire Elementalist on Apr 7, 2021.
             Slain by a jackal (1 damage)
             ... on level 1 of the Dungeon.
             The game lasted 00:00:18 (56 turns).

dolemite99 the Firebug (Demonspawn Fire Elementalist) Turns: 56, Time: 00:00:19

Health: 0/13       AC:  2    Str:  8    XL:     1   Next: 41%
Magic:  0/3        EV: 12    Int: 16    God:
Gold:   0          SH:  0    Dex: 13    Spells: 3/4 levels left

rFire    . . .     SeeInvis .   (no weapon)
rCold    . . .     Faith    .   (no shield)
rNeg     . . .     Spirit   .   a - +0 robe
rPois    .         Reflect  .   (no helmet)
rElec    .         Harm     .   (no cloak)
rCorr    .         Rampage  .   (no gloves)
Will     .....                  (no boots)
Stlth    ++........             (no amulet)
HPRegen  0.04/turn              (no ring)
MPRegen  0.08/turn              (no ring)

@: no status effects
A: no striking features
a: no special abilities


You were on level 1 of the Dungeon.
You visited 1 branch of the dungeon, and saw 1 of its levels.

Inventory:

Missiles
 b - 7 arrows
Armour
 a - a +0 robe (worn)


   Skills:
 - Level 1.7 Dodging
 - Level 1.7 Stealth
 - Level 2.0 Spellcasting
 * Level 1.3 Conjurations
 + Level 2.7 Fire Magic


You had 3 spell levels left.
You knew the following spells:

 Your Spells              Type           Power      Damage    Failure   Level
a - Foxfire               Conj/Fire      32%        2x1d5     9%          1

Your spell library contained the following spells:

 Spells                   Type           Power      Damage    Failure   Level
 Conjure Flame            Conj/Fire      8%         6-21      26%         3
 Inner Flame              Hex/Fire       6%         N/A       34%         3
 Sticky Flame             Conj/Fire      8%         2d3       65%         4
 Fireball                 Conj/Fire      4%         3d4       94%         5


Dungeon Overview and Level Annotations

Branches:
Dungeon (1/15)

Altars:


Message History

The jackal bites you but does no damage.
The jackal misses you. The bat barely misses you.
Casting: Foxfire (safe; 10% risk of failure)
Confirm with . or Enter, or press ? or * to list all spells.
You conjure some foxfire!
The bat barely misses you. The bat closely misses you.
The jackal barely misses you. The jackal bites you.
The goblin hits you with a +0 dagger.
The foxfire hits the goblin.
You kill the goblin!
The foxfire hits the jackal.
The jackal is almost dead.
The jackal misses you. The jackal closely misses you.
The bat closely misses you.
An endoplasm comes into view.
The jackal bites you. The bat hits you but does no damage.
Casting: Foxfire (safe; 9% risk of failure)
Confirm with . or Enter, or press ? or * to list all spells.
You don't have enough magic to cast this spell.
The jackal closely misses you. The jackal misses you.
The bat hits you but does no damage. The bat hits you.
Casting: Foxfire (safe; 9% risk of failure)
Confirm with . or Enter, or press ? or * to list all spells.
You conjure some foxfire!
The bat hits you.
* * * LOW HITPOINT WARNING * * *
The foxfire hits the bat.
The bat is moderately wounded.
The jackal barely misses you. The jackal closely misses you.
The foxfire hits the bat.
You kill the bat!
The jackal bites you.
* * * LOW HITPOINT WARNING * * *
The jackal bites you.
* * * LOW HITPOINT WARNING * * *
The jackal bites you but does no damage.
A dart slug comes into view.
The jackal barely misses you. The jackal bites you.
You die...

##8<8##.....#.......
#8..8##J........##.!
#8..###.............
##8.8#.........#....
#.8..#.............
#.#####.............
######......#.......
####...hhh.......#.?...
#.....@.r.####..##.....
#.#......## ...####....
.......#### ..### ###..
....#w# ## .. ..#... ..
. #### ..


You could see a dart slug, 3 jackals and a rat.

Vanquished Creatures
  A goblin (D:1)
  2 bats (D:1)
  A rat (D:1)
4 creatures vanquished.

Vanquished Creatures (others)
  8 foxfires (D:1)
8 creatures vanquished.

Grand Total: 12 creatures vanquished

Notes
Turn   | Place    | Note
-------+----------+-------------------------------------------
     0 | D:1      | dolemite99 the Demonspawn Fire Elementalist began the quest
                  | for the Orb.
     0 | D:1      | Reached XP level 1. HP: 13/13 MP: 3/3
    56 | D:1      | Slain by a jackal

Illustrated notes

Levels and vault maps discovered:
D:1:      pf_arrival_petrified_forest, layout_rooms

Action                   || total
-------------------------++-------
 Cast: Foxfire           ||     5
Armor: Robe              ||    11
Dodge: Dodged            ||    24

Table legend: (Time is in decaauts)
 A = Elapsed time spent in this place.
 B = Non-inter-level travel time spent in this place.
 C = Inter-level travel time spent in this place.
 D = Time resting spent in this place.
 E = Time spent auto-exploring this place.
 F = Levels seen in this place.
 G = Mean time per level.
                   A        B        C        D        E       F      G
               +--------+--------+--------+--------+--------+-----+--------+
         Total |     56 |     56 |      0 |      7 |      6 |   1 |   56.0 |
       Dungeon |     56 |     56 |      0 |      7 |      6 |   1 |   56.0 |
               +--------+--------+--------+--------+--------+-----+--------+

Top non-repeatable levels by time:
     D:1: 56 daAuts
